 Dungeon Crawl Stone Soup version 0.17.2-1-ge4368a0 (webtiles) character file.

9 tidbits the Insei (level 1, 0/15 HPs)
             Began as a Demigod Transmuter on Sept 21, 2017.
             Slain by a kobold
             ... wielding a +0 dagger
              (1 damage)
             ... on level 1 of the Dungeon.
             The game lasted 00:01:16 (151 turns).

tidbits the Insei (Demigod Transmuter)               Turns: 151, Time: 00:01:16

Health: 0/15       AC:  2    Str: 13    XL:     1   Next: 86%
Magic:  5/5        EV: 12    Int: 17    God:
Gold:   18         SH:  0    Dex: 16    Spells: 1 memorised, 3 levels left

rFire  . . .     SeeInvis .       - Unarmed
rCold  . . .     Clarity  .     b - +0 robe
rNeg   . . .     SustAt   +     (no shield)
rPois  .         Gourm    .     (no helmet)
rElec  .         Spirit   .     (no cloak)
rCorr  .         Warding  .     (no gloves)
rMut   .         Stasis   .     (boots currently unavailable)
MR     .....                    (no amulet)
Stlth  +.........               (no ring)
                                (no ring)

@: appendage (expiring), not resistant to hostile enchantments, very unstealthy
A: talons 3, high mp 1, sustain attributes
a: End Transformation


You were on level 1 of the Dungeon.
You were not hungry.
You had grown temporary talons.
You visited 1 branch of the dungeon, and saw 1 of its levels.

You collected 18 gold pieces.

Inventory:

Missiles
 a - 12 arrows
 e - 16 sling bullets
Armour
 b - a +0 robe (worn)
Scrolls
 f - a scroll of magic mapping {unknown}
 g - a scroll of identify {unknown}
Books
 c - a book of Changes

   Spells                             Type                      Level
   a - Beastly Appendage              Transmutation                1
   b - Sticks to Snakes               Transmutation                2
   c - Spider Form                    Transmutation/Poison         3
   d - Ice Form                       Ice/Transmutation            4
   e - Blade Hands                    Transmutation                5
Comestibles
 d - a bread ration


   Skills:
 - Level 0.8 Fighting
 - Level 1.7 Dodging
 + Level 2.8 Unarmed Combat
 - Level 2.0 Spellcasting
 + Level 2.1 Transmutations


You had 3 spell levels left.
You knew the following spells:

 Your Spells              Type           Power        Failure   Level  Hunger
e - Beastly Appendage     Trmt           #.....       10%         1    #......


Dungeon Overview and Level Annotations

Branches:
Dungeon (1/15)


Innate Abilities, Weirdness & Mutations

You have an increased reservoir of magic (+10% MP).
Your attributes are resistant to harm.
You have claws for feet.


Message History

You kill the rat!
You see here a rat corpse.
Your transformation is almost over.
Your talons disappear.
Found 16 sling bullets.
A kobold comes into view.
The kobold shouts!
Casting: Beastly Appendage
Confirm with . or Enter, or press ? or * to list all spells.
You grow a pair of large bovine horns.
The kobold throws a stone.
The stone completely misses you.
The kobold throws a stone.
The stone closely misses you.
Found a scroll labeled YRAZAEZUAW.
You barely miss the kobold. The kobold hits you but does no damage.
You hit the kobold.
You headbutt the kobold, but do no damage.
The kobold is heavily wounded.
Your transformation is almost over.
The kobold barely misses you.
You closely miss the kobold. Your headbutt misses the kobold.
The kobold is moderately wounded.
The kobold barely misses you.
You hit the kobold.
The kobold is severely wounded.
The kobold hits you but does no damage.
You hit the kobold.
You kill the kobold!
Things that are here:
16 sling bullets; a kobold corpse
e - 16 sling bullets
f - a scroll labeled YRAZAEZUAW Your horns disappear.
Found 18 gold pieces.
You now have 18 gold pieces.
Found a scroll labeled QISECK QYST.
Found a sedimented golden potion.
g - a scroll labeled QISECK QYST
h - a sedimented golden potion A bat comes into view.
Casting: Beastly Appendage
Confirm with . or Enter, or press ? or * to list all spells.
You grow a pair of large bovine horns.
The bat hits you.
You closely miss the bat. The bat barely misses you.
You closely miss the bat. The bat hits you.
Your transformation is almost over.
The bat barely misses you.
You hit the bat.
The bat is moderately wounded.
The bat hits you but does no damage. The bat barely misses you.
You hit the bat.
You kill the bat!
Your Spellcasting skill increases to level 2!
Your horns disappear.
A hobgoblin comes into view. It is wielding a club.
Casting: Beastly Appendage
Confirm with . or Enter, or press ? or * to list all spells.
Your feet morph into talons.
Your transformation is almost over.
A hobgoblin comes into view. It is wielding a club.
The hobgoblin shouts! x2
You hear a shout!
You barely miss the hobgoblin. The hobgoblin closely misses you.
A kobold comes into view. It is wielding a dagger.
You hit the hobgoblin.
The hobgoblin is severely wounded.
Your talons disappear.
The hobgoblin hits you with a club.
Casting: Beastly Appendage
Confirm with . or Enter, or press ? or * to list all spells.
Your feet morph into talons.
The hobgoblin hits you with a club.
* * * LOW HITPOINT WARNING * * *
Drink which item? (? for menu, Esc to quit)
It was a potion of magic.
Magic courses through your body. The hobgoblin barely misses you.
You hit the hobgoblin.
You kill the hobgoblin!
You barely miss the hobgoblin. Your kick misses the hobgoblin.
The hobgoblin closely misses you.
You hit the hobgoblin.
The hobgoblin is heavily wounded.
The hobgoblin hits you with a club.
* * * LOW HITPOINT WARNING * * *
You barely miss the hobgoblin.
You claw the hobgoblin, but do no damage.
The hobgoblin is heavily wounded.
The hobgoblin hits you with a club.
* * * LOW HITPOINT WARNING * * *
You hit the hobgoblin.
You claw the hobgoblin, but do no damage.
The hobgoblin is severely wounded.
The hobgoblin barely misses you.
You hit the hobgoblin.
You kill the hobgoblin!
You hit the kobold but do no damage.
Your transformation is almost over.
The kobold hits you but does no damage.
You hit the kobold but do no damage. You completely miss the kobold.
The kobold hits you with a dagger.
You die...

# #. ### #.. ..#
##...#####.#
...........#
...........#
##...###...# #
#...###...###.#####
.........K@.......
.#.####..#########
#.#.####..#
######.........#
.........####.## #
#.# #.# #.#
######.#


You could see a kobold.

Vanquished Creatures
  2 bats (D:1)
  A goblin (D:1)
  2 hobgoblins (D:1)
  A kobold (D:1)
  A rat (D:1)
7 creatures vanquished.

Notes
Turn   | Place    | Note
--------------------------------------------------------------
     0 | D:1      | tidbits the Demigod Transmuter began the quest for the Orb.
     0 | D:1      | Reached XP level 1. HP: 15/15 MP: 5/5
     3 | D:1      | Noticed an electric eel
     3 | D:1      | Noticed an electric eel
    14 | D:1      | Reached skill level 2 in Transmutations
   123 | D:1      | Reached skill level 2 in Spellcasting
   146 | D:1      | HP: 1/15 [hobgoblin/club (3)]
   151 | D:1      | Slain by a kobold

Action                   || total
-------------------------++-------
Melee: Unarmed           ||    27
 Cast: Beastly Appendage ||     6
  Use: Potion            ||     1

Table legend:
 A = Turns spent in this place as a percentage of turns spent in the entire game.
 B = Non-inter-level travel turns spent in this place as a percentage of non-inter-level travel turns spent in the entire game.
 C = Inter-level travel turns spent in this place as a percentage of turns spent in this place.
 D = Turns resting spent in this place as a percentage of non-inter-level travel turns spent in this place.
 E = Turns spent auto-exploring this place as a percentage of non-inter-level travel turns spent in this place.
 F = Non-inter-level travel turns spent in this place divided by the number of levels of this place that you've seen.
                   A       B       C       D       E      F
               +-------+-------+-------+-------+-------+----------------------
         Total | 100.0 | 100.0 |   0.0 |   0.0 |   0.0 | 132.0
       Dungeon | 100.0 | 100.0 |   0.0 |   0.0 |   0.0 | 132.0
               +-------+-------+-------+-------+-------+----------------------

Table legend:
 A = Kills in this place as a percentage of kills in entire the game.
 B = Kills by you in this place as a percentage of kills by you in the entire game.
 C = Kills by friends in this place as a percentage of kills by friends in the entire game.
 D = Other kills in this place as a percentage of other kills in the entire game.
 E = Experience gained in this place as a percentage of experience gained in the entire game.
 F = Experience gained in this place divided by the number of levels of this place that you have seen.
                   A       B       C       D       E      F
               +-------+-------+-------+-------+-------+----------------------
         Total | 100.0 | 100.0 |  -nan |  -nan | 100.0 |  13.0
       Dungeon | 100.0 | 100.0 |  -nan |  -nan | 100.0 |  13.0
               +-------+-------+-------+-------+-------+----------------------

Vault maps used:
D:1:      arrival_aquarium_b
